 Dungeon Crawl Stone Soup version 0.27-a0-972-gd1521fd518 (webtiles) character file.

Game seed: 15784994147396482688

28 voltaire321 the Chopper (level 2, -3/23 HPs)
             Began as a Demonspawn Gladiator on Apr 13, 2021.
             Slain by an adder (4 damage)
             ... on level 2 of the Dungeon.
             The game lasted 00:02:59 (987 turns).

voltaire321 the Chopper (Demonspawn Gladiator)       Turns: 987, Time: 00:02:59

Health: -3/23      AC: 11    Str: 14    XL:     2   Next: 96%
Magic:  2/2        EV:  4    Int:  9    God:
Gold:   55         SH:  0    Dex: 20    Spells: 1/1 levels left

rFire    . . .     SeeInvis .   g - +0 executioner's axe
rCold    . . .     Faith    .   (shield currently unavailable)
rNeg     . . .     Spirit   .   h - +0 plate armour
rPois    .         Reflect  .   c - +0 helmet
rElec    .         Harm     .   (no cloak)
rCorr    .         Rampage  .   (no gloves)
Will     .....                  (no boots)
Stlth    ..........             (no amulet)
HPRegen  0.07/turn              j - +6 ring of dexterity
MPRegen  0.08/turn              (no ring)

@: no status effects
A: powered by death 1
a: no special abilities


You were on level 2 of the Dungeon.
You visited 1 branch of the dungeon, and saw 2 of its levels.

You collected 55 gold pieces.

Inventory:

Hand Weapons
 a - a +0 war axe
 g - a +0 executioner's axe (weapon)
Missiles
 d - 3 throwing nets (quivered)
 e - 3 boomerangs
 i - 18 poisoned darts
Armour
 c - a +0 helmet (worn)
 h - a +0 plate armour (worn)
Jewellery
 j - a +6 ring of dexterity (left hand)
Scrolls
 b - a scroll of blinking {unknown}
Potions
 f - a potion of attraction {unknown}


   Skills:
 + Level 2.3 Fighting
 * Level 3.1 Axes
 - Level 2.0 Throwing
 + Level 0.4 Armour
 + Level 3.0 Dodging


You had one spell level left.
You didn't know any spells.
Your spell library was empty.

Dungeon Overview and Level Annotations

Branches:
Dungeon (2/15)

Altars:


Innate Abilities, Weirdness & Mutations

You regenerate a little health from kills.


Message History

Your plate armour prevents you from hitting the quokka.
You feel sick.
The quokka bites you but does no damage.
The adder barely misses you. The quokka barely misses you.
The adder barely misses you.
You barely miss the adder. You barely miss the quokka.
You feel sick.
You are no longer poisoned.
The adder bites you but does no damage. The quokka bites you.
The quokka bites you but does no damage.
The adder bites you but does no damage.
You hit the adder.
The adder is heavily wounded.
Your plate armour prevents you from hitting the quokka.
The adder bites you but does no damage.
The quokka bites you but does no damage.
The adder bites you but does no damage. The quokka bites you.
* * * LOW HITPOINT WARNING * * *
The adder bites you but does no damage.
The quokka bites you but does no damage.
You closely miss the adder.
The adder is heavily wounded.
You closely miss the quokka. The adder bites you but does no damage.
The quokka bites you but does no damage.
The adder bites you but does no damage. The quokka bites you.
* * * LOW HITPOINT WARNING * * *
You closely miss the adder.
The adder is heavily wounded.
You barely miss the quokka. The adder bites you but does no damage.
The quokka bites you but does no damage.
The adder bites you but does no damage. The quokka bites you.
* * * LOW HITPOINT WARNING * * *
The adder bites you but does no damage.
You closely miss the adder.
The adder is moderately wounded.
You closely miss the quokka. The quokka bites you.
* * * LOW HITPOINT WARNING * * *
The adder bites you but does no damage.
The quokka bites you but does no damage.
The adder bites you.
You die...

##### #...#
########### #.#.#
#.........# #.#.#
#.........#
#.#.###.........#
#.#.............#
####.####..........#
+..................#
####.####....)@)...#
#.# #....rS†...#
#.####..........#
#...<#..........#
######..........#
........#####
.........#
..........


You could see an adder and a quokka.

Vanquished Creatures
  2 dart slugs
  2 ball pythons
  4 bats
  An endoplasm (D:1)
  A hobgoblin (D:1)
  3 jackals (D:1)
  A quokka (D:2)
  A frilled lizard (D:1)
  3 kobolds
  5 rats
23 creatures vanquished.

Notes
Turn   | Place    | Note
-------+----------+-------------------------------------------
     0 | D:1      | voltaire321 the Demonspawn Gladiator began the quest for
                  | the Orb.
     0 | D:1      | Reached XP level 1. HP: 16/16 MP: 1/1
   152 | D:1      | Found a faded altar of an unknown god.
   366 | D:1      | Gained mutation: You regenerate a little health from kills.
                  | [demonic ancestry]
   366 | D:1      | Reached XP level 2. HP: 22/22 MP: 2/2
   987 | D:2      | HP: 1/23 [quokka (3)]
   987 | D:2      | Slain by an adder

Illustrated notes

Levels and vault maps discovered:
D:1:      dpeg_arrival_chambers_temple_mockup, layout_basic,
          shapermc_ecumenical_altar_starsandcircs
D:2:      layout_basic, serial_shops, nicolae_shop_trees,
          guppyfry_early_lair_pool

Skill      XL: |  1  2 |
---------------+-------+-----
Throwing       | 2 |  2.0
Axes           | 3 |  3.1
Dodging        | 3 |  3.0
Fighting       | |  2.3
Armour         | |  0.4

Action                   || total
-------------------------++-------
Melee: War axe           ||    14
       Executioner's axe ||    58
 Stab: Sleeping          ||     1
Armor: Leather armour    ||     6
       Plate armour      ||   124
Dodge: Dodged            ||    36

Table legend: (Time is in decaauts)
 A = Elapsed time spent in this place.
 B = Non-inter-level travel time spent in this place.
 C = Inter-level travel time spent in this place.
 D = Time resting spent in this place.
 E = Time spent auto-exploring this place.
 F = Levels seen in this place.
 G = Mean time per level.
                   A        B        C        D        E       F      G
               +--------+--------+--------+--------+--------+-----+--------+
         Total |   1038 |    965 |     73 |      0 |    731 |   2 |  519.0 |
       Dungeon |   1038 |    965 |     73 |      0 |    731 |   2 |  519.0 |
               +--------+--------+--------+--------+--------+-----+--------+

Top non-repeatable levels by time:
     D:1: 977 daAuts
     D:2: 61 daAuts
